Map: Lightshade LE

Players

Pumba - Winner!

  • Race: Zerg Zerg
  • League: Master
  • Spawn Location: 5:00

neelize

  • Race: Terran Terran
  • League: Master
  • Spawn Location: 11:00

VOD

Have the link to the VOD?

Description

Time

  • Played on: Sept. 21, 2021, 10:11 p.m.
  • Length: 13:07
Show
View Real Time Build Order
Export as new Build Order

Pumba Zerg - Winner!

Build Orders: Hatch First 

Get SALT Encoding   

  12  0:00  Drone  
  13  0:15  Overlord  
  13  0:19  Drone  
  14  0:33  Drone x2  
  16  0:50  Hatchery  
  16  0:52  Drone  
  16  0:55  Drone  
  17  1:00  Drone  
  18  1:08  Extractor  
  17  1:15  Spawning Pool  
  17  1:17  Drone  
  17  1:20  Drone  
  18  1:30  Drone  
  19  1:42  Overlord  
  19  1:52  Drone  
  20  2:02  Queen  
  20  2:03  Zergling x2, Queen  
  20  2:04  Zergling x2  
  26  2:13  Drone  
  27  2:17  Metabolic Boost  
  27  2:24  Drone  
  27  2:25  Extractor  
  27  2:27  Drone x2  
  30  2:36  Extractor  
  29  2:41  Drone, Hatchery  
  30  2:48  Drone x2  
  32  2:58  Overlord  
  32  3:04  Drone  
  33  3:08  Drone x2  
  33  3:10  Drone  
  35  3:14  Overlord  
  35  3:26  Queen, Drone x4  
  38  3:31  Overlord  
  40  3:38  Zergling x2  
  41  3:42  Queen  
  41  3:48  Drone  
  44  3:55  Drone  
  44  3:56  Drone x3  
  44  3:58  Queen, Drone x2  
  52  4:07  Zergling x4  
  52  4:09  Queen, Drone  
  57  4:14  Drone  
  57  4:15  Overlord x2  
  58  4:21  Drone x2  
  58  4:23  Lair  
  60  4:26  Drone x2  
  60  4:27  Drone x4  
  66  4:35  Zergling x4  
  68  4:41  Drone x2  
  68  4:43  Extractor  
  68  4:45  Evolution Chamber  
  68  4:48  Spore Crawler, Evolution Chamber  
  68  4:50  Spore Crawler  
  68  4:51  Queen  
  70  4:52  Drone x4  
  70  4:53  Drone  
  70  4:55  Drone  
  70  4:58  Spore Crawler, Drone  
  70  4:59  Drone x2  
  74  5:06  Overlord  
  74  5:11  Roach Warren  
  73  5:16  Zerg Missile Weapons Level 1  
  73  5:26  Overseer  
  73  5:35  Drone, Extractor  
  74  5:36  Drone, Extractor  
  74  5:37  Drone x4  
  74  5:38  Drone x4  
  74  5:41  Drone x3, Extractor  
  74  5:42  Extractor  
  82  5:43  Drone x3  
  85  5:56  Zerg Ground Armor Level 1  
  85  5:57  Overlord x3  
  85  5:58  Overlord  
  85  6:00  Glial Reconstitution  
  85  6:07  Hatchery  
  85  6:09  Spore Crawler, Drone x2  
  86  6:11  Drone  
  86  6:15  Roach x4  
  86  6:16  Roach x3  
  100  6:25  Overlord  
  100  6:37  Roach x2  
  100  6:48  Roach x14  
  128  7:07  Overlord x4  
  128  7:11  Overlord x3  
  128  7:20  Overlord x2  
  128  7:21  Overlord  
  128  7:34  Roach x7  
  142  7:38  Zerg Missile Weapons Level 2  
  142  7:40  Roach x9  
  160  7:44  Ravager x4  
  160  7:45  Roach, Ravager x3  
  160  7:48  Roach x2  
  173  7:57  Zergling x10  
  178  8:04  Spire  
  177  8:14  Extractor  
  177  8:17  Roach x10  
  177  8:19  Extractor  
  192  8:34  Zergling x2  
  192  8:35  Zergling x10  
  192  8:37  Zerg Melee Weapons Level 1  
  198  8:42  Drone x2  
  196  9:08  Roach x4  
  153  9:31  Drone x11  
  160  9:37  Baneling Nest  
  150  9:43  Hatchery  
  136  10:01  Extractor  
  136  10:03  Drone x3  
  136  10:04  Drone x3  
  117  10:27  Centrifugal Hooks  
  117  10:29  Roach x13  
  143  10:50  Queen  
  145  10:57  Spore Crawler  
  145  10:59  Spore Crawler  
  145  11:00  Spore Crawler x2  
  145  11:03  Spore Crawler, Roach x11  
  162  11:06  Spore Crawler  
  162  11:10  Spore Crawler  
  159  11:19  Drone  
  159  11:24  Queen  
  155  11:33  Spawning Pool  
  155  11:36  Drone x4  
  155  11:39  Roach x10  
  178  11:53  Infestation Pit  
  177  12:19  Overlord x2  
  177  12:22  Zergling x38  
  196  12:23  Zergling x4  
  198  12:30  Ravager x2  
  198  12:35  Spine Crawler  
  198  12:36  Ravager, Spine Crawler  
Show
View Real Time Build Order
Export as new Build Order

neelize Terran 

Build Orders: Reaper Expand, Hellion Banshee 

Get SALT Encoding   

  12  0:01  SCV  
  13  0:13  SCV  
  14  0:17  Supply Depot  
  14  0:25  SCV  
  15  0:38  SCV  
  15  0:42  Barracks  
  16  0:46  Refinery  
  16  0:51  SCV  
  17  1:03  SCV  
  18  1:15  SCV  
  19  1:29  Orbital Command  
  19  1:30  Reaper  
  20  1:39  Command Center  
  20  1:53  Supply Depot  
  20  1:54  SCV  
  21  2:02  Marine  
  21  2:07  SCV  
  23  2:09  Factory  
  23  2:20  SCV, Refinery  
  24  2:24  Barracks Reactor  
  24  2:32  SCV  
  25  2:45  SCV  
  26  2:57  Starport  
  26  2:59  Orbital Command  
  26  3:09  SCV  
  27  3:27  SCV  
  27  3:30  Hellion x2  
  27  3:32  SCV  
  33  3:35  Starport Tech Lab  
  33  3:39  SCV  
  33  3:40  Barracks Tech Lab  
  34  3:45  SCV  
  35  3:48  Supply Depot  
  35  3:51  Hellion  
  35  3:52  SCV, Hellion  
  35  3:54  Banshee  
  35  3:55  Cloaking Field  
  43  3:57  SCV  
  43  4:02  Stimpack  
  44  4:04  SCV  
  44  4:09  SCV  
  46  4:13  Hellion x2  
  46  4:15  Supply Depot  
  46  4:16  SCV  
  51  4:21  SCV  
  52  4:28  SCV  
  52  4:29  Command Center  
  53  4:33  SCV  
  54  4:40  SCV  
  54  4:44  Banshee  
  57  4:46  SCV  
  57  4:51  Supply Depot  
  58  4:56  SCV  
  58  4:57  Barracks  
  58  4:58  SCV  
  58  4:59  Factory Reactor  
  60  5:01  Barracks  
  60  5:03  Engineering Bay  
  60  5:06  Engineering Bay  
  60  5:08  Refinery  
  60  5:10  Refinery  
  60  5:22  SCV x2  
  62  5:34  SCV x2  
  64  5:42  Terran Infantry Armor Level 1, Terran Infantry Weapons Level 1  
  64  5:46  SCV x2  
  64  5:48  Starport Reactor  
  66  5:51  Orbital Command  
  66  5:57  Marine x3  
  66  5:58  Barracks, SCV, Combat Shield, Siege Tank  
  66  5:59  SCV  
  66  6:00  Barracks  
  66  6:03  Marine x2  
  76  6:11  SCV x2  
  78  6:23  SCV x2  
  78  6:24  Marine x2  
  78  6:25  Medivac, Marine x3  
  84  6:28  Orbital Command  
  84  6:30  Armory  
  84  6:32  Supply Depot  
  84  6:42  Supply Depot  
  84  6:43  SCV  
  85  6:51  Supply Depot  
  85  6:54  SCV x2, Medivac  
  85  6:56  SCV  
  85  7:00  Marine x3  
  85  7:01  Barracks Reactor x2  
  93  7:03  Marine  
  93  7:04  Siege Tank, Marine  
  93  7:06  Supply Depot  
  93  7:08  SCV  
  99  7:12  SCV x2  
  101  7:22  SCV  
  102  7:24  Medivac  
  102  7:25  Medivac  
  102  7:26  Supply Depot  
  106  7:33  Marine x5  
  106  7:35  SCV x2  
  113  7:40  Refinery  
  113  7:42  SCV, Factory  
  113  7:44  Supply Depot  
  114  7:47  SCV  
  114  7:48  Marine x4  
  114  7:49  Siege Tank  
  114  7:51  Marine  
  123  7:52  Marine  
  123  7:53  Marine  
  123  7:56  Terran Infantry Weapons Level 2  
  125  7:58  Terran Infantry Armor Level 2  
  125  8:05  Marine x2  
  127  8:09  Marine x3  
  127  8:10  Marine  
  129  8:17  Marine x3  
  132  8:23  Supply Depot, Bunker  
  132  8:24  Supply Depot  
  127  8:29  Marine x4  
  127  8:30  Factory Tech Lab  
  127  8:32  Marine  
  127  8:33  Terran Vehicle Weapons Level 1  
  132  8:44  Medivac x2, Marine x3  
  132  8:45  Refinery, Marine  
  132  8:46  Siege Tank  
  143  8:55  Marine  
  143  8:56  Marine x3  
  143  8:57  Siege Tank  
  144  9:06  Marine x4  
  144  9:14  Marine x2  
  144  9:15  Marine x3  
  116  9:24  Marine x4  
  83  9:25  SCV x2  
  83  9:26  SCV  
  83  9:28  Siege Tank  
  74  9:32  Marine x3  
  64  9:41  Marine x2  
  64  9:42  Marine x2  
  61  9:49  SCV x2, Marine x2  
  61  9:50  Marine  
  61  9:51  Liberator x2  
  71  9:57  Marine x2  
  68  10:00  Marine x4  
  68  10:01  Siege Tank  
  69  10:07  Marine x2  
  69  10:08  Marine  
  69  10:09  SCV x2  
  66  10:19  Orbital Command  
  66  10:21  SCV x2  
  68  10:42  Marine x5  
  70  10:43  SCV x2  
  70  10:47  Marine  
  76  10:50  Marine  
  76  10:52  SCV  
  78  10:57  SCV x2  
  80  11:05  Marine  
  80  11:06  Marine x3  
  80  11:10  SCV  
  85  11:12  Marine  
  85  11:14  Marine x2  
  85  11:21  Marine x2  
  85  11:23  Marine  
  83  11:30  Orbital Command  
  83  11:32  Marine x4  
  80  11:33  Marine x2  
  80  11:34  SCV  
  85  11:42  SCV, Medivac  
  85  11:49  Medivac, Siege Tank, Marine x3  
  93  11:55  Supply Depot  
  93  12:14  Supply Depot  
  93  12:17  SCV x3, Marine  
  93  12:18  Marine  
  93  12:19  Marine  
  99  12:26  Marine x2  
  101  12:33  Marine  
  101  12:34  Supply Depot, SCV x3  
  105  12:42  Marine x2  
Tags
 
Add a new tag
Caveats
  • Supply blocks, unpowered buildings, or Contaminate may cause inaccurate times.
  • Supply counts are checked every 10 seconds.